 Dungeon Crawl Stone Soup version 0.31-a0-188-g5e087ee2ca (webtiles) character file.

Game seed: 6222095774798410178

28 qw the Shooter (level 2, 0/16 HPs)
             Began as a Deep Elf Hunter on June 23, 2023.
             Hit by a goblin thrown by Robin (2 damage)
             ... on level 2 of the Dungeon.
             The game lasted 00:00:17 (1192 turns).

qw the Shooter (Deep Elf Hunter)                    Turns: 1192, Time: 00:00:17

Health: 0/16       AC:  3    Str:  8    XL:     2   Next: 96%
Magic:  4/4        EV: 12    Int: 13    God:
Gold:   55         SH:  0    Dex: 18    Spells: 1/1 levels left

rFire   . . .        Y - +0 shortbow
rCold   . . .        (shield currently unavailable)
rNeg    . . .        c - +0 leather armour
rPois   .            (no helmet)
rElec   .            (no cloak)
rCorr   .            (no gloves)
SInv    .            (no boots)
Will    .....        (no amulet)
Stlth   ++           (no ring)
HPRegen 0.22/turn    (no ring)
MPRegen 0.09/turn

%: no passive effects
@: no status effects
A: no striking features
a: no special abilities


You were on level 2 of the Dungeon.
You visited 1 branch of the dungeon, and saw 2 of its levels.

You collected 55 gold pieces.


   Skills:
 - Level 1.5 Fighting
 + Level 6.6 Ranged Weapons
 - Level 2.4 Dodging
 - Level 1.2 Stealth


You had one spell level left.
You didn't know any spells.
Your spell library was empty.

Inventory:

Hand Weapons
 Y - a +0 shortbow (weapon)
Armour
 c - a +0 leather armour (worn)
 g - a +0 scale mail
Scrolls
 a - a scroll of blinking {unknown}
Potions
 b - a potion of curing {unknown}
 d - a potion of might {unknown}
 e - a potion of cancellation {unknown}
 f - a potion of mutation {unknown}

Dungeon Overview and Level Annotations

Branches:
Dungeon (2/15)

Altars:

Annotations:
D:2 Robin


Message History

You shoot an arrow. The arrow hits the goblin!
You kill the goblin! 2 goblins and 2 hobgoblins come into view.
The hobgoblin shouts!
The goblin shouts!
You hear a shout!
You see here 16 gold pieces.
Enter note:
Enter note:
Enter note:
Enter note:
Enter note:
Enter note: You shoot an arrow.
The goblin shouts!
The hobgoblin shouts!
The arrow hits the goblin but does no damage.
Robin of the Strong Arm comes into view.
They are wielding a +0 club.
You shoot an arrow. The arrow hits the goblin!
You kill the goblin!
You shoot an arrow. The arrow closely misses the hobgoblin.
Robin drinks a potion.
Robin flickers and vanishes!
Deactivating autopickup; reactivate with Ctrl-A.
You shoot an arrow. The arrow hits the hobgoblin.
The hobgoblin is almost dead.
A goblin comes into view. It is wielding a +0 club.
The goblins go into a battle-frenzy!
You shoot an arrow. The arrow barely misses the hobgoblin.
The goblin shouts!
The hobgoblin hits you. Something throws the goblin at you!
You shoot an arrow. The arrow barely misses the hobgoblin.
The goblin hits you with a +0 club. The hobgoblin closely misses you.
A goblin comes into view. It is wielding a +0 dagger of draining.
You shoot an arrow. The arrow closely misses the hobgoblin.
The goblin shouts!
The goblin misses you. The hobgoblin hits you.
A hobgoblin comes into view.
You shoot an arrow. The hobgoblin shouts!
The arrow hits the hobgoblin!
You kill the hobgoblin!
The goblin hits you with a +0 club. Something throws the goblin at you!
You die...

######. #.
## ### #..
#### #####.#
g.)..####
#......
#...gggg#
#.###.# # #.
#@# #.##...
##.##.##.#
#......
#......#.#
####..#
...##..#.###
######..#
..........#
#........
#.#.#.#.#.#
#.####..#
#.......#.#
#.####..#
###.#...#.#
#.##....#
#.###.#.#
#.##.##.#


You could see 2 hobgoblins and 3 goblins.

Vanquished Creatures
  A giant cockroach (D:1)
  3 goblins
  3 hobgoblins
  4 jackals (D:1)
  2 kobolds
  4 quokkas
  A ball python (D:2)
  2 bats (D:1)
  A frilled lizard (D:1)
  3 rats (D:1)
24 creatures vanquished.

Notes
Turn   | Place    | Note
-------+----------+-------------------------------------------
     0 | D:1      | qw the Deep Elf Hunter began the quest for the Orb.
     0 | D:1      | Reached XP level 1. HP: 12/12 MP: 3/3
     0 | D:1      | 0 ||| qw: Version: 0.3-a-9-g12657ce
     0 | D:1      | 0 ||| qw: Game counter: 3370
     0 | D:1      | 0 ||| qw: Always use a shield: true
     0 | D:1      | 0 ||| qw: God list: Okawaru
     0 | D:1      | 0 ||| qw: Allow faded altars: false
     0 | D:1      | 0 ||| qw: Do Orc after D:15 true
     0 | D:1      | 0 ||| qw: Do second Lair branch before Depths: true
     0 | D:1      | 0 ||| qw: Lair rune preference: random
     0 | D:1      | 0 ||| qw: Plans: Normal
     0 | D:1      | 0 ||| PLANNING D:1-11
   205 | D:1      | Reached XP level 2. HP: 16/16 MP: 4/4
   277 | D:1      | Reached skill level 6 in Ranged Weapons
   683 | D:1      | 683 ||| READING scroll labelled SESAVOSEGG.
   687 | D:1      | 687 ||| DROPPING scroll of butterflies.
  1185 | D:2      | Noticed Robin
  1192 | D:2      | HP: 2/16 [goblin/+0 club[Robin] (5)]
  1192 | D:2      | Hit by a goblin thrown by Robin

Levels and vault maps discovered:
D:1:      nagdon_arrival_double_spiral, layout_basic
D:2:      layout_loops_corners, shapermc_ecumenical_altar_starsandcircs,
          chequers_serial_rivers_room_a, uniq_robin

Skill      XL: |  1  2 |
---------------+-------+-----
Ranged Weapons | 6 |  6.6
Fighting       | |  1.5
Dodging        | |  2.4
Stealth        | |  1.2

Action                     || total
---------------------------++-------
   Fire: Shortbow          ||    64
    Use: Scroll            ||     1
 Armour: Leather armour    ||     7
  Dodge: Dodged            ||    13

Table legend:
 A = Non-vault XP
 B = Vault XP
 C = Vault XP percentage of total XP
 D = Non-vault monster count
 E = Vault monster count
 F = Vault count percentage of total count
                 A         B        C        D         E       F
            +---------+---------+-------+---------+---------+-------
      Total |      36 |       6 |  14.3 |      21 |       3 |  12.5
            +---------+---------+-------+---------+---------+-------
        D:1 |      31 |       0 |   0.0 |      18 |       0 |   0.0
        D:2 |       5 |       6 |  54.5 |       3 |       3 |  50.0
            +---------+---------+-------+---------+---------+-------
